 Dungeon Crawl Stone Soup version 0.22-a0-422-g9628fc8 (webtiles) character file.

127 Veiltonx the Ruffian (level 4, 0/41 HPs)
             Began as a Troll Hunter on May 17, 2018.
             Slain by Veiltonx's ghost (17 damage)
             ... on level 3 of the Dungeon.
             The game lasted 00:04:00 (1224 turns).

Veiltonx the Ruffian (Troll Hunter)                 Turns: 1224, Time: 00:04:01

Health: 0/41       AC:  5    Str: 21    XL:     4   Next: 85%
Magic:  3/3        EV: 10    Int:  7    God:
Gold:   98         SH:  0    Dex: 10    Spells: 3/3 levels left

rFire    . . .     SeeInvis +     - Unarmed
rCold    . . .     Gourm    +   (no shield)
rNeg     . . .     Faith    .   b - +0 robe
rPois    .         Spirit   .   (helmet restricted)
rElec    .         Reflect  .   (no cloak)
rCorr    .         Harm     .   (gloves unavailable)
MR       .....                  (boots unavailable)
Stlth    +.........             (no amulet)
HPRegen  0.53/turn              (no ring)
MPRegen  0.08/turn              g - ring of see invisible

@: no status effects
A: large, unfitting armour, claws 3, fast metabolism 3, gourmand, regeneration
1, shaggy fur 1, tough skin 2
a: no special abilities


You were on level 3 of the Dungeon.
You were very full.

You visited 1 branch of the dungeon, and saw 3 of its levels.

You collected 98 gold pieces.

Inventory:

Missiles
 c - 5 large rocks (quivered)
 d - 2 throwing nets
Armour
 b - a +0 robe (worn)
Jewellery
 g - a ring of see invisible (right claw)
Scrolls
 a - 2 scrolls of teleportation
 i - a scroll of identify
 j - a scroll of blinking {unknown}
 l - a scroll of remove curse
Potions
 e - a potion of heal wounds
 h - 2 potions of curing {unknown}
 k - a potion of resistance {unknown}
Comestibles
 f - 9 rations


   Skills:
 - Level 1.5 Fighting
 - Level 3.6 Throwing
 - Level 1.5 Dodging
 - Level 0.3 Stealth
 + Level 4.6 Unarmed Combat


You had 3 spell levels left.
You didn't know any spells.
Your spell library was empty.

Dungeon Overview and Level Annotations

Branches:
Dungeon (3/15)

Altars:
Xom

Annotations:
D:3 Veiltonx's ghost, amateur TrHu


Innate Abilities, Weirdness & Mutations

You are too large for most types of armour.
You have claws for hands.
Your metabolism is lightning-fast.
You like to eat raw meat.
Your natural rate of healing is unusually fast.
You are covered in fur. (AC +1)
You have very tough skin. (AC +2)


Message History

Veiltonx's ghost whispers, "It is all a dream - a grotesque and foolish dream."
Veiltonx's ghost hits you.
The jackal bites you but does no damage.
You claw Veiltonx's ghost!
Veiltonx's ghost is moderately damaged.
Veiltonx's ghost closely misses you.
The jackal bites you but does no damage.
You barely miss Veiltonx's ghost.
Veiltonx's ghost is moderately damaged.
The jackal closely misses you. Veiltonx's ghost hits you!
You are too injured to fight recklessly!
You are too injured to fight recklessly!
You are too injured to fight recklessly!
You are too injured to fight recklessly!
You are too injured to fight recklessly!
You closely miss the jackal.
The jackal bites you but does no damage.
Veiltonx's ghost flexes its fingers.
Veiltonx's ghost hits you!
You die...

######...#####.###...#.#
.......................#
.......................
...............##.....##
#####...########
#...##### #...#...
#...#†### #...@W..#
#...†h..# #...#...#
#.###..... ... #..###
.##. ..# # #. ..# ...


You could see Veiltonx's ghost and a jackal.

Vanquished Creatures
  A worker ant (D:2)
  2 gnolls (D:1)
  2 adders
  A howler monkey skeleton (D:2)
  A worm (D:2)
  A dart slug (D:1)
  4 leopard geckos
  3 bats
  A giant cockroach (D:1)
  8 goblins
  5 hobgoblins
  4 jackals
  3 kobolds
  3 quokkas (D:2)
  2 frilled lizards (D:1)
  5 rats
46 creatures vanquished.

Notes
Turn   | Place    | Note
-------+----------+-------------------------------------------
     0 | D:1      | Veiltonx the Troll Hunter began the quest for the Orb.
     0 | D:1      | Reached XP level 1. HP: 19/19 MP: 0/0
    38 | D:1      | Reached skill level 1 in Unarmed Combat
   117 | D:1      | Reached XP level 2. HP: 26/27 MP: 1/1
   125 | D:1      | Reached skill level 2 in Unarmed Combat
   165 | D:1      | Found an iron altar of Okawaru.
   167 | D:1      | Found a glowing golden altar of the Shining One.
   167 | D:1      | Found a glowing silver altar of Zin.
   176 | D:1      | Reached XP level 3. HP: 33/33 MP: 2/2
   184 | D:1      | Found a blossoming altar of Fedhas.
   184 | D:1      | Found a shimmering altar of Xom.
   184 | D:1      | Found a glowing golden altar of the Shining One.
   237 | D:1      | HP: 1/33 [gnoll/spear (7)]
   238 | D:1      | Reached skill level 3 in Unarmed Combat
   744 | D:2      | Reached XP level 4. HP: 41/41 MP: 3/3
   769 | D:2      | Reached skill level 4 in Unarmed Combat
  1203 | D:3      | Noticed Veiltonx's ghost (amateur TrHu)
  1224 | D:3      | Slain by Veiltonx's ghost

Vault maps used:
D:1:      matt_arrival_los_fun, minmay_liquid_box, doesnt_xom_only_xom
D:2:      minmay_misc_feat_four_crosses

Skill      XL: |  1  2  3  4 |
---------------+-------------+-----
Unarmed Combat | 1 2 3 4 |  4.6
Fighting       | |  1.5
Throwing       | |  3.6
Dodging        | |  1.5
Stealth        | |  0.3

Action                   |  1- 3 |  4- 6 || total
-------------------------+-------+-------++-------
Melee: Unarmed           |    78 |    47 ||   125
  Use: Scroll            |     2 |     1 ||     3
 Stab: Sleeping          |     1 |       ||     1
  Eat: Chunk             |    12 |     3 ||    15
Armor: Robe              |    29 |    24 ||    53
Dodge: Dodged            |    57 |    38 ||    95

Table legend:
 A = Spawn XP
 B = Non-spawn XP
 C = Spawn XP percentage of total XP
 D = Spawn monster count
 E = Non-spawn monster count
 F = Spawn count percentage of total count
 G = Total turns spent on level
                    A         B        C        D         E        F      G
               +---------+---------+-------+---------+---------+-------+---------
         Total |       0 |     182 |   0.0 |       0 |      46 |   0.0 |  1224
               +---------+---------+-------+---------+---------+-------+---------
           D:1 |       0 |      70 |   0.0 |       0 |      25 |   0.0 |   615
           D:2 |       0 |      91 |   0.0 |       0 |      16 |   0.0 |   504
           D:3 |       0 |      21 |   0.0 |       0 |       5 |   0.0 |   105
               +---------+---------+-------+---------+---------+-------+---------
